 Dungeon Crawl Stone Soup version 0.28-a0-1147-gc7b72d3202 (webtiles) character file.

Game seed: 256054504991714238

24124 BinkBink the Carver (level 12, -7/108 HPs)
             Began as a Minotaur Monk on Dec 14, 2021.
             Was the Champion of Dithmenos.
             Mangled by an orc warlord (13 damage)
             ... on level 2 of the Orcish Mines.
             The game lasted 00:25:18 (16135 turns).

BinkBink the Carver (Minotaur Monk)                Turns: 16135, Time: 00:25:19

Health: -7/108     AC: 15    Str: 17    XL:     12   Next: 77%
Magic:  0/11       EV: 20    Int:  7    God:    Dithmenos [******]
Gold:   1232       SH:  0    Dex: 17    Spells: 11/11 levels left

rFire   . . .      SeeInvis .   u - +4 scimitar (chaos)
rCold   . . .      Faith    .   (no shield)
rNeg    + . .      Spirit   +   l - +1 scale mail {rN+}
rPois   .          Reflect  .   K - +1 hat
rElec   .          Harm     .   (no cloak)
rCorr   .          Rampage  .   D - +2 pair of gloves
Will    .....                   (no boots)
Stlth   +.........              j - amulet of guardian spirit
HPRegen 0.28/turn               o - ring of flight
MPRegen 0.12/turn               w - +4 ring of evasion

@: flying, wreathed by umbra, invisible
A: horns 2, retaliatory headbutt, hooves 1, evolution 1
a: Renounce Religion, Shadow Step, Shadow Form


You were on level 2 of the Orcish Mines.
You worshipped Dithmenos.
Dithmenos was exalted by your worship.
You visited 2 branches of the dungeon, and saw 14 of its levels.

You collected 1336 gold pieces.
You spent 104 gold pieces at shops.

Inventory:

Hand Weapons
 u - a +4 scimitar of chaos (weapon)
Armour
 l - a +1 scale mail of positive energy (worn)
 z - +0 steam dragon scales
 D - a +2 pair of gloves (worn)
 K - a +1 hat (worn)
Jewellery
 j - an amulet of guardian spirit (around neck)
 o - a ring of flight (left hand)
 s - a +6 ring of dexterity
 v - a +6 ring of intelligence
 w - a +4 ring of evasion (right hand)
 F - a ring of magical power
 G - a ring of willpower
 J - a ring of protection from fire
Wands
 b - a wand of flame (35)
 d - a wand of polymorph (7)
 k - a wand of iceblast (14)
 C - a wand of acid (3)
 L - a wand of paralysis (4)
Scrolls
 c - 2 scrolls of noise
 e - a scroll of holy word
 g - a scroll of vulnerability
 i - 5 scrolls of teleportation
 m - a scroll of magic mapping
 q - 2 scrolls of fear
 r - 2 scrolls of amnesia
 y - a scroll of enchant armour
 H - 3 scrolls of fog
 M - a scroll of immolation
 N - a scroll of brand weapon
Potions
 a - a potion of invisibility
 f - a potion of degeneration {unknown}
 h - 3 potions of flight {unknown}
 n - a potion of might {unknown}
 p - 2 potions of haste
 t - 3 potions of curing
 x - 2 potions of resistance {unknown}
 A - a potion of attraction {unknown}
 B - 2 potions of berserk rage
 E - a potion of magic {unknown}
 O - 2 potions of brilliance {unknown}
Miscellaneous
 I - a condenser vane


   Skills:
 + Level 10.6 Fighting
 + Level 14.3 Long Blades
 + Level 13.7 Armour
 + Level 13.1 Dodging
 - Level 1.5 Stealth


You had 11 spell levels left.
You didn't know any spells.
Your spell library contained the following spells:

 Spells                   Type           Power      Damage    Failure   Level
 Magic Dart               Conj           0%         1d3       75%         1
 Summon Small Mammal      Summ           0%         N/A       75%         1
 Call Imp                 Summ           0%         N/A       86%         2
 Ensorcelled Hibernation  Hex/Ice        0%         N/A       86%         2
 Passwall                 Tmut/Erth      0%         N/A       86%         2
 Call Canine Familiar     Summ           0%         N/A       98%         3
 Frozen Ramparts          Ice            0%         1d2       98%         3
 Mephitic Cloud           Conj/Pois/Air  0%         N/A       98%         3
 Summon Guardian Golem    Hex/Summ       0%         N/A       98%         3
 Swiftness                Air            0%         N/A       98%         3
 Tukima's Dance           Hex            0%         N/A       98%         3
 Fulminant Prism          Conj/Hex       0%         3d6       100%        4
 Ice Form                 Ice/Tmut       0%         N/A       100%        4
 Iskenderun's Mystic Bla  Conj/Tloc      0%         2d3       100%        4
 Summon Ice Beast         Ice/Summ       0%         N/A       100%        4
 Lee's Rapid Deconstruct  Erth           0%         3d5*      100%        5
 Summon Forest            Summ/Tloc      0%         N/A       100%        5
 Summon Mana Viper        Hex/Summ       0%         N/A       100%        5
 Summon Cactus Giant      Summ           0%         N/A       100%        6


Dungeon Overview and Level Annotations

Branches:
Dungeon (12/15)            Temple (0/1) D:5            Lair (0/6) D:8
    Orc (2/2) D:11            Elf (0/3) Orc:2

Altars:
Cheibriados
Dithmenos
Hepliaklqana
Kikubaaqudgha
Makhleb
Qazlal
Uskayaw
Vehumet
Xom
Zin
Beogh

Shops:
D:5 !   D:11 ((!(=   Orc:2 !!:

Annotations:
D:4 1 runed translucent door, Crazy Yiuf


Innate Abilities, Weirdness & Mutations

You have a pair of horns on your head.
You reflexively headbutt those who attack you in melee.
You have large cloven feet.
You have hidden genetic potential.


Message History

You catch the helpless orc warlord completely off-guard!
You slash the orc warlord! You burn the orc warlord!
The orc warlord is moderately wounded.
Your shadow hits the orc warlord with a scimitar.
The orc warlord hits you with a +0 long sword!!
The orc warlord blocks your attack.
You headbutt the orc warlord.
The orc warlord is heavily wounded.
Your shadow hits the orc warlord but does no damage.
You hit the orc warlord.
The orc warlord seems to speed up.
You kick the orc warlord.
The orc warlord is heavily wounded.
The orc warlord hits you with a +0 long sword!!
You strike the helpless orc warlord from behind!
You slice the orc warlord!! You freeze the orc warlord.
You headbutt the orc warlord, but do no damage.
The orc warlord is severely wounded.
You slash the orc warlord! You burn the orc warlord.
Your kick misses the orc warlord.
The orc warlord is severely wounded.
The orc warlord closely misses you. You furiously retaliate!
You headbutt the orc warlord, but do no damage.
You hit the orc warlord but do no damage.
The orc warlord is severely wounded.
Your shadow hits the orc warlord with a scimitar.
The orc warlord hits you with a +0 long sword!!
* * * LOW HITPOINT WARNING * * *
You slash the orc warlord!
The orc warlord is poisoned.
You headbutt the orc warlord, but do no damage.
The orc warlord is almost dead.
The orc warlord barely misses you. The orc warlord blocks your attack.
You kick the orc warlord, but do no damage.
The orc warlord is almost dead.
The orc warlord hits you but does no damage.
The orc warlord hits you with a +0 long sword!!
* * * LOW HITPOINT WARNING * * *
The orc warlord blocks your attack.
Your kick misses the orc warlord.
The orc warlord is almost dead.
The orc warlord hits you with a +0 long sword!
You die...

.......#.......##...##....
.##[##.#....#####... .....#
.#...#.#....#..##..##.....#
.#...#.)....'..#...#......#
.#####.####.#.[#.........##..
.......#..#.####........##o..
##.....#..'^####.8...8...8o.o
.#..⌠..#.[#..)))..).........
.#.)...####.####@8...8...8..
.#..........####.o......##.
##.#####.####..#.........##
...#.[.#.)..'..#).)#).....#
##.#..)#....#.[##..##.....#
#.##)##....#####...#.....#
##.............##...##.....#
.###.###)#####.##....#.....#
..##.##...# ###...##.....#


You could see an orc warlord (fast, very poisoned).

Vanquished Creatures
  A boulder beetle (D:11)
  3 two-headed ogres
  2 orc high priests (Orc:2)
  A deep elf zephyrmancer (D:7)
  4 orc knights (Orc:2)
  3 orc sorcerers (Orc:2)
  2 cyclopes
  A centaur zombie (D:11)
  A gargoyle (D:11)
  An unseen horror (D:10)
  Psyche (D:8)
  3 kobold demonologists
  3 trolls (Orc:2)
  A hornet (D:9)
  31 yaks
  2 wyverns
  2 steam dragons
  4 wargs (Orc:2)
  Edmund (D:6)
  An acid dragon (D:9)
  35 orc warriors
  4 black bears
  A necrophage (D:6)
  3 sky beasts
  11 ogres
  8 centaurs
  3 kobold brigands
  2 bullfrogs
  2 scorpions
  A wyvern skeleton (D:6)
  A water moccasin skeleton (D:4)
  3 killer bees (D:8)
  A howler monkey (D:11)
  7 wights
  2 jellies
  23 orc priests
  3 hounds
  Jessica (D:3)
  A bullfrog skeleton (D:5)
  An iguana (D:4)
  Ijyb (D:3)
  13 orc wizards
  A scorpion zombie (D:5)
  A howler monkey zombie (D:11)
  A gnoll (Orc:2)
  A howler monkey skeleton (D:7)
  3 adders
  A white imp (D:7)
  An ufetubus (D:6)
  2 adder skeletons (D:4)
  A worm (D:2)
  A dart slug (D:2)
  87 orcs
  4 bats
  7 endoplasms
  5 giant cockroaches
  7 hobgoblins
  7 jackals
  17 kobolds
  2 quokkas (D:2)
  7 ball pythons
  3 frilled lizards
  9 goblins
  3 rats
366 creatures vanquished.

Vanquished Creatures (collateral kills)
  An orc (Orc:2)
1 creature vanquished.

Vanquished Creatures (others)
  2 orc warriors (Orc:2)
  3 orcs (Orc:2)
5 creatures vanquished.

Grand Total: 372 creatures vanquished

Notes
Turn   | Place    | Note
-------+----------+-------------------------------------------
     0 | D:1      | BinkBink the Minotaur Monk began the quest for the Orb.
     0 | D:1      | Reached XP level 1. HP: 19/19 MP: 0/0
   186 | D:1      | Reached skill level 1 in Armour
   195 | D:1      | Reached XP level 2. HP: 26/26 MP: 1/1
   264 | D:1      | Reached skill level 4 in Long Blades
   922 | D:2      | Reached XP level 3. HP: 24/31 MP: 2/2
  1130 | D:2      | Found a faded altar of an unknown god.
  1138 | D:2      | Prayed at the altar of an unknown god.
  1138 | D:2      | Became a worshipper of Dithmenos the Shadowed
  1138 | D:2      | Reached * piety under Dithmenos
  1138 | D:2      | Reached ** piety under Dithmenos
  1512 | D:3      | Reached *** piety under Dithmenos
  1516 | D:3      | Reached XP level 4. HP: 15/39 MP: 3/3
  1871 | D:3      | Noticed Jessica
  1876 | D:3      | Killed Jessica
  1904 | D:3      | Noticed Ijyb
  1904 | D:3      | Noticed a black bear
  2304 | D:3      | Reached XP level 5. HP: 45/45 MP: 4/4
  2351 | D:3      | Reached skill level 5 in Long Blades
  2626 | D:4      | Noticed a black bear
  2795 | D:3      | Killed a black bear
  2796 | D:3      | Reached skill level 5 in Dodging
  2804 | D:3      | Killed Ijyb
  2805 | D:3      | Reached XP level 6. HP: 31/51 MP: 5/5
  3033 | D:4      | Found a runed translucent door.
  3034 | D:4      | Noticed Crazy Yiuf
  3099 | D:4      | Reached skill level 6 in Long Blades
  3570 | D:5      | Entered Level 5 of the Dungeon
  3609 | D:5      | Reached XP level 7. HP: 57/57 MP: 6/6
  3652 | D:5      | Reached skill level 5 in Armour
  3953 | D:5      | Found a staircase to the Ecumenical Temple.
  4229 | D:5      | Found Xikhlil's Distillery.
  4232 | D:5      | Bought a potion of heal wounds for 65 gold pieces
  4232 | D:5      | Bought a potion of curing for 39 gold pieces
  4281 | D:5      | Reached skill level 7 in Long Blades
  4546 | D:6      | Noticed Edmund
  4559 | D:6      | Reached XP level 8. HP: 58/64 MP: 5/7
  4569 | D:6      | Killed Edmund
  4678 | D:6      | Reached **** piety under Dithmenos
  4886 | D:6      | Reached skill level 8 in Long Blades
  5721 | D:7      | Noticed a deep elf zephyrmancer
  5743 | D:7      | Killed a deep elf zephyrmancer
  5744 | D:7      | Reached skill level 9 in Long Blades
  5744 | D:7      | Reached XP level 9. HP: 26/70 MP: 4/8
  6697 | D:8      | Found a staircase to the Lair.
  6799 | D:8      | Reached skill level 10 in Long Blades
  7318 | D:8      | Noticed Psyche
  7334 | D:8      | Killed Psyche
  7578 | D:9      | Reached XP level 10. HP: 72/77 MP: 9/9
  7623 | D:9      | Noticed an orange demon
  7665 | D:9      | Noticed a smoke demon
  7666 | D:9      | Reached skill level 10 in Armour
  7756 | D:9      | Reached skill level 10 in Dodging
  7762 | D:9      | Reached skill level 11 in Long Blades
  8105 | D:9      | Reached skill level 5 in Fighting
  8688 | D:10     | Entered Level 10 of the Dungeon
  8949 | D:10     | Found a snail-covered altar of Cheibriados.
  8952 | D:10     | Found an ancient bone altar of Kikubaaqudgha.
  8953 | D:10     | Found a glowing silver altar of Zin.
  8959 | D:10     | Found a radiant altar of Vehumet.
  8960 | D:10     | Found a hide-covered altar of Uskayaw.
  8964 | D:10     | Found a hazy altar of Hepliaklqana.
  8965 | D:10     | Found a burning altar of Makhleb.
  8976 | D:10     | Found a shimmering altar of Xom.
  8988 | D:10     | Found a shadowy altar of Dithmenos.
  8989 | D:10     | Found a stormy altar of Qazlal.
 10369 | D:11     | Reached XP level 11. HP: 60/91 MP: 7/10
 10500 | D:11     | Reached skill level 12 in Long Blades
 10668 | D:11     | Found a staircase to the Orcish Mines.
 10767 | D:11     | Reached ***** piety under Dithmenos
 11053 | D:11     | Found Unary's Antique Weapon Shoppe.
 11055 | D:11     | Noticed a boulder beetle
 11102 | D:11     | Killed a boulder beetle
 11336 | D:11     | Found Jowkim's Jewellery Shop.
 11356 | D:11     | Gained mutation: You have hidden genetic potential. [a
                  | neqoxec]
 11602 | D:11     | Noticed a +0 dagger
 11603 | D:11     | Noticed a +0 dagger
 11606 | D:11     | Found a hide-covered altar of Uskayaw.
 11642 | D:11     | Found Hoypnad's Weapon Boutique.
 11662 | D:11     | Found Hucyapn's Distillery.
 11736 | D:11     | Found Mazxow's Weapon Emporium.
 12194 | D:12     | Noticed a death knight
 12194 | D:12     | Noticed a two-headed ogre
 12254 | Orc:1    | Entered Level 1 of the Orcish Mines
 12334 | Orc:2    | Entered Level 2 of the Orcish Mines
 12334 | Orc:2    | Noticed a two-headed ogre
 12336 | Orc:2    | Noticed a two-headed ogre
 12487 | Orc:1    | Killed a two-headed ogre
 12488 | Orc:1    | Reached skill level 13 in Long Blades
 12492 | Orc:1    | Killed a two-headed ogre
 12890 | Orc:2    | Reached XP level 12. HP: 82/103 MP: 9/11
 13321 | Orc:2    | Noticed a two-headed ogre
 13323 | Orc:2    | Killed a two-headed ogre
 13443 | Orc:2    | Noticed an orc warlord
 14434 | Orc:2    | Gained mutation: You have large cloven feet. [hidden
                  | potential]
 14485 | Orc:2    | Paralysed by an orc sorcerer for 5 turns
 14832 | Orc:2    | Found Oduff's Distillery.
 15021 | Orc:2    | Found Huzyer's Distillery.
 15151 | Orc:2    | Reached skill level 10 in Fighting
 15294 | Orc:2    | Reached skill level 14 in Long Blades
 15304 | Orc:2    | Reached ****** piety under Dithmenos
 15430 | Orc:2    | Found a staircase to the Elven Halls.
 15501 | Orc:2    | Noticed an orc high priest
 15502 | Orc:2    | Noticed an orc warlord
 15591 | Orc:2    | Killed an orc high priest
 15815 | Orc:2    | Found Xavam's Book Emporium.
 15818 | Orc:2    | Noticed an orc high priest
 15834 | Orc:2    | Killed an orc high priest
 16135 | Orc:2    | Mangled by an orc warlord

Illustrated notes

Levels and vault maps discovered:
D:1:      dpeg_arrival_long_road, layout_basic, solitary_fountain
D:2:      layout_basic, shapermc_ecumenical_altar_mp_highgroup
D:3:      layout_loops_cross, uniq_ijyb, uniq_jessica
D:4:      layout_rooms, uniq_crazy_yiuf_cottage
D:5:      layout_cave_pools, minmay_temple_entry_statues_pillars, serial_shops,
          nicolae_shop_behind_doors
D:6:      layout_cave_pools, uniq_edmund
D:7:      layout_basic, serial_rivers, chequers_serial_rivers_micro_c,
          chequers_serial_rivers_large_b, chequers_serial_rivers_micro_d,
          chequers_serial_rivers_small_b, chequers_serial_rivers_small_b,
          guppyfry_early_elven_hall
D:8:      layout_gridville, dpeg_oklobed_lair, uniq_psyche
D:9:      layout_basic
D:10:     layout_loops_ring, nicolae_overflow_hallway_of_the_gods
D:11:     layout_loops_ring, david_orc_4, serial_shops, nicolae_square_shop,
          shop, nicolae_shop_competitors_out_of_business,
          nicolae_shop_competitors_out_of_business, kennysheep_mini,
          hangedman_abyss_or_decor_clamps, ebering_dispersal_statue_hall,
          dancing_weapons_uskayaw
D:12:     layout_roguey
Orc:1:    layout_caves
Orc:2:    pubby_orc_utopia

Skill      XL: |  1  2  3  4  5  6  7  8  9 10 11 12 |
---------------+-------------------------------------+-----
Armour         | 1 2 3 4 6 8 9 11 12 13 | 13.7
Long Blades    | 4 5 6 7 9 10 11 13 14 | 14.3
Dodging        | 4 5 6 8 9 10 12 13 | 13.1
Fighting       | 6 8 10 | 10.6
Stealth        | |  1.5

Action                   |  1- 3 |  4- 6 |  7- 9 | 10-12 || total
-------------------------+-------+-------+-------+-------++-------
Melee: Falchion          |    96 |   111 |    56 |       ||   263
       Headbutt          |    17 |    22 |    50 |   176 ||   265
       Scimitar          |       |       |   151 |   752 ||   903
       Kick              |       |       |       |    63 ||    63
Evoke: Wand              |       |       |       |     2 ||     2
  Use: Potion            |       |     3 |       |     6 ||     9
       Scroll            |       |       |     7 |     9 ||    16
 Stab: Confused          |       |       |       |     2 ||     2
       Petrifying        |       |       |       |     1 ||     1
       Paralysed         |       |       |       |     3 ||     3
       Invisible         |       |       |       |     2 ||     2
       Distracted        |       |       |       |     1 ||     1
Armor: Scale mail        |    29 |    52 |    57 |   131 ||   269
       Robe              |     1 |       |       |       ||     1
       Skin              |       |     2 |       |       ||     2
Dodge: Dodged            |    61 |    94 |   167 |   577 ||   899

Table legend: (Time is in decaauts)
 A = Elapsed time spent in this place.
 B = Non-inter-level travel time spent in this place.
 C = Inter-level travel time spent in this place.
 D = Time resting spent in this place.
 E = Time spent auto-exploring this place.
 F = Levels seen in this place.
 G = Mean time per level.
                   A        B        C        D        E       F      G
               +--------+--------+--------+--------+--------+-----+--------+
         Total |  15935 |  15368 |    567 |      0 |  12874 |  14 | 1138.2 |
       Dungeon |  12170 |  11633 |    537 |      0 |   9866 |  12 | 1014.2 |
  Orcish Mines |   3764 |   3734 |     30 |      0 |   3007 |   2 | 1882.0 |
               +--------+--------+--------+--------+--------+-----+--------+

Top non-repeatable levels by time:
   Orc:2: 3018 daAuts
    D:11: 1848 daAuts
    D:10: 1619 daAuts
     D:7: 1493 daAuts
     D:3: 1197 daAuts
     D:9: 1114 daAuts
     D:8: 975 daAuts
     D:1: 892 daAuts
     D:5: 860 daAuts
     D:2: 801 daAuts
   Orc:1: 745 daAuts
     D:4: 674 daAuts
     D:6: 650 daAuts
    D:12: 42 daAuts
